 Dungeon Crawl Stone Soup version 0.28.0-47-ge53b351184 (webtiles) character file.

Game seed: 11779425962629040035

321 Cheops the Cutter (level 6, 0/32 HPs)
             Began as a Vine Stalker Fighter on May 10, 2022.
             Slain by an orc warrior
             ... wielding a +2 battleaxe of freezing
              (2 damage)
             ... on level 4 of the Dungeon.
             The game lasted 00:04:59 (2472 turns).

Cheops the Cutter (Vine Stalker Fighter)            Turns: 2472, Time: 00:04:59

Health: 0/32       AC: 12    Str: 20    XL:     6   Next: 46%
Magic:  0/7        EV:  5    Int:  8    God:
Gold:   154        SH:  5    Dex: 14    Spells: 5/5 levels left

rFire   . . .      SeeInvis .   a - +0 rapier
rCold   . . .      Faith    .   c - +0 buckler
rNeg    . . .      Spirit   +   q - +0 plate armour
rPois   .          Reflect  .   m - +0 helmet
rElec   .          Harm     .   (no cloak)
rCorr   .          Rampage  .   (no gloves)
Will    .....                   (no boots)
Stlth   ..........              h - amulet of regeneration
HPRegen 1.70/turn               (no ring)
MPRegen 0.10/turn               (no ring)

@: no status effects
A: fangs 2, regeneration 1, magic shield, antimagic bite, no potion heal 2
a: no special abilities


You were on level 4 of the Dungeon.
You visited 1 branch of the dungeon, and saw 4 of its levels.

You collected 154 gold pieces.

Inventory:

Hand Weapons
 a - a +0 rapier (weapon)
Armour
 b - a +0 scale mail
 c - a +0 buckler (worn)
 m - a +0 helmet (worn)
 q - a +0 plate armour (worn)
Jewellery
 h - an amulet of regeneration (around neck)
Scrolls
 e - a scroll of amnesia
 i - 2 scrolls of identify {unknown}
 k - a scroll of teleportation {unknown}
 l - a scroll of enchant armour {unknown}
 n - 2 scrolls of fear {unknown}
 p - 2 scrolls of immolation {unknown}
Potions
 d - a potion of might
 g - a potion of lignification {unknown}
 j - a potion of mutation {unknown}
 o - a potion of heal wounds {unknown}
 r - a potion of berserk rage {unknown}
 s - a potion of curing {unknown}
 t - 2 potions of haste {unknown}
 u - a potion of cancellation {unknown}


   Skills:
 - Level 2.6 Fighting
 + Level 5.3 Short Blades
 - Level 2.4 Armour
 - Level 4.0 Shields


You had 5 spell levels left.
You didn't know any spells.
Your spell library contained the following spells:

 Spells                   Type           Power      Damage    Failure   Level
 Animate Skeleton         Necr           0%         N/A       100%        1
 Apportation              Tloc           0%         N/A       100%        1
 Pain                     Necr           0%         1d4       100%        1
 Sting                    Tmut/Pois      0%         1d3       100%        1
 Summon Small Mammal      Summ           0%         N/A       100%        1
 Poisonous Vapours        Pois/Air       0%         N/A       100%        2
 Olgreb's Toxic Radiance  Pois           0%         N/A       100%        4
 Agony                    Necr           0%         N/A       100%        5
 Excruciating Wounds      Necr           0%         N/A       100%        5


Dungeon Overview and Level Annotations

Branches:
Dungeon (4/15)
 Temple: D:4-7

Altars:
Qazlal

Shops:
D:2 *


Innate Abilities, Weirdness & Mutations

You have extremely sharp teeth.
Your natural rate of healing is unusually fast.
When hurt, damage is shared between your health and your magic reserves.
Your bite disrupts and absorbs the magic of your enemies.
Potions cannot restore your health.


Message History

The kobold shouts!
You hear a shout!
There are monsters nearby!
The kobold throws a stone.
You block the stone.
Unknown command.
No target in view!
No target in view!
No target in view!
No target in view!
No target in view!
No target in view!
No target in view!
No target in view!
No target in view!
A kobold is nearby!
A kobold is nearby!
A kobold is nearby!
A goblin comes into view. It is wielding a +0 club.
You barely miss the orc warrior.
The goblin shouts!
You block the orc warrior's attack.
You hit the orc warrior but do no damage.
Your bite misses the orc warrior.
The orc warrior hits you with a +2 battleaxe of freezing!
The orc warrior freezes you.
You hit the orc warrior but do no damage.
You bite the orc warrior. You drain its power.
You feel invigorated.
The orc warrior is moderately wounded.
The orc warrior hits you with a +2 battleaxe of freezing!
* * * LOW HITPOINT WARNING * * *
The orc warrior freezes you.
* * * LOW HITPOINT WARNING * * *
As you read the scroll labelled DEUGGE YCOOGG, it crumbles to dust.
It is a scroll of amnesia.
You feel forgetful for a moment. The orc warrior completely misses you.
As you read the scroll labelled BIOCRO POMAFIEC, it crumbles to dust.
You speak a Word of immense power!
It was a scroll of holy word.
The orc warrior hits you with a +2 battleaxe of freezing!
* * * LOW HITPOINT WARNING * * *
The orc warrior freezes you.
You die...

<###......###.#
..........o...#
........$..
#.....# ##..$#
#g..## #K### #####
#o# ##...## #@#
##.....## #.#
##.......## #.#
#....[....####.#
###..............#
..).........######
####.......##
##.....## ##...##


You could see an orc warrior, a goblin and a kobold.

Vanquished Creatures
  A bullfrog zombie (D:3)
  A jelly (D:3)
  2 iguanas (D:4)
  Natasha (twice) (D:2)
  Robin (D:2)
  6 adders
  4 worms (D:3)
  4 dart slugs
  An orc (D:4)
  4 ball pythons
  10 endoplasms
  A giant cockroach (D:3)
  12 goblins
  6 hobgoblins
  3 kobolds
  5 quokkas
  6 bats
  8 frilled lizards
  A rat (D:1)
78 creatures vanquished.

Notes
Turn   | Place    | Note
-------+----------+-------------------------------------------
     0 | D:1      | Cheops the Vine Stalker Fighter began the quest for the
                  | Orb.
     0 | D:1      | Reached XP level 1. HP: 11/11 MP: 2/2
    75 | D:1      | Reached skill level 2 in Short Blades
   311 | D:1      | Reached XP level 2. HP: 16/16 MP: 3/3
   415 | D:1      | Reached skill level 3 in Short Blades
   434 | D:1      | Reached XP level 3. HP: 19/19 MP: 2/4
   846 | D:2      | Noticed Natasha
   854 | D:2      | Killed Natasha
   855 | D:2      | Gained mutation: Your natural rate of healing is unusually
                  | fast. [Vine Stalker growth]
   855 | D:2      | Reached XP level 4. HP: 21/23 MP: 5/5
   928 | D:2      | Found a faded altar of an unknown god.
  1046 | D:2      | Reached skill level 4 in Short Blades
  1163 | D:2      | Found Veicano's General Store.
  1252 | D:2      | Noticed Robin
  1271 | D:2      | Noticed Natasha
  1277 | D:2      | Killed Robin
  1282 | D:2      | Killed Natasha
  1283 | D:2      | Reached XP level 5. HP: 27/27 MP: 6/6
  1555 | D:3      | Found a stormy altar of Qazlal.
  1843 | D:3      | Reached XP level 6. HP: 32/32 MP: 4/7
  2084 | D:4      | Reached skill level 5 in Short Blades
  2457 | D:4      | Noticed an orc warrior
  2472 | D:4      | Slain by an orc warrior

Illustrated notes

Levels and vault maps discovered:
D:1:      heliophobic_arrival_glass_houses, layout_loops_ring
D:2:      layout_loops_ring, ebering_ecumenical_altar_ruins, serial_shops, shop,
          uniq_robin, uniq_natasha
D:3:      layout_basic, nicolae_qazlal_general_emergency
D:4:      layout_loops_ring

Skill      XL: |  1  2  3  4  5  6 |
---------------+-------------------+-----
Short Blades   | 2 3 4 5 |  5.3
Shields        | 3 4 |  4.0
Fighting       | |  2.6
Armour         | |  2.4

Action                   |  1- 3 |  4- 6 || total
-------------------------+-------+-------++-------
Melee: Rapier            |    82 |   142 ||   224
       Bite              |    11 |    39 ||    50
  Use: Scroll            |       |     2 ||     2
Armor: Scale mail        |    25 |    44 ||    69
       Plate armour      |       |    18 ||    18
Dodge: Dodged            |    32 |    45 ||    77
Block: Buckler           |    18 |    41 ||    59
